 Dungeon Crawl Stone Soup version 0.31-a0-232-gb1c03b2570 (webtiles) character file.

Game seed: 5333567581995029951

21 qw the Shooter (level 2, -1/24 HPs)
             Began as a Minotaur Hexslinger on July 6, 2023.
             Slain by a hobgoblin (2 damage)
             ... on level 1 of the Dungeon.
             The game lasted 00:00:12 (393 turns).

qw the Shooter (Minotaur Hexslinger)                 Turns: 393, Time: 00:00:13

Health: -1/24      AC:  2    Str: 12    XL:     2   Next: 65%
Magic:  2/2        EV:  9    Int: 10    God:
Gold:   10         SH:  0    Dex: 12    Spells: 2/3 levels left

rFire   . . .        a - +1 sling
rCold   . . .        (no shield)
rNeg    . . .        c - +0 robe
rPois   .            (helmet restricted)
rElec   .            (no cloak)
rCorr   .            (no gloves)
SInv    .            (no boots)
Will    .....        (no amulet)
Stlth   +            (no ring)
HPRegen 0.24/turn    (no ring)
MPRegen 0.08/turn

%: no passive effects
@: constricted
A: horns 2, retaliatory headbutt
a: no special abilities


You were on level 1 of the Dungeon.
You visited 1 branch of the dungeon, and saw 1 of its levels.

You collected 10 gold pieces.


Innate Abilities, Weirdness & Mutations

You have a pair of horns on your head.
You reflexively headbutt those who attack you in melee.


   Skills:
 - Level 2.0 Fighting
 + Level 3.2 Ranged Weapons
 - Level 2.1 Dodging
 - Level 1.0 Spellcasting
 - Level 2.0 Hexes


You had 2 spell levels left.
You knew the following spells:

 Your Spells              Type           Power      Damage    Failure   Level
a - Slow                  Hex            16%        N/A       16%         1

Your spell library contained the following spells:

 Spells                   Type           Power      Damage    Failure   Level
 Inner Flame              Hex/Fire       2%         N/A       56%         3
 Portal Projectile        Hex/Tloc       4%         N/A       56%         3
 Cause Fear               Hex            2%         N/A       83%         4

Inventory:

Hand Weapons
 a - a +1 sling (weapon)
Armour
 c - a +0 robe (worn)
Scrolls
 b - a scroll of poison
 d - 2 scrolls of identify {unknown}
 e - a scroll of butterflies {unknown}
Potions
 f - a potion of cancellation {unknown}

Dungeon Overview and Level Annotations

Branches:
Dungeon (1/15)

Altars:


Message History

The ball python barely misses you. The ball python misses you.
A hobgoblin comes into view.
The kobold hits you but does no damage. The ball python barely misses you.
The ball python misses you. The kobold hits you but does no damage.
You shoot a sling bullet.
The sling bullet hits the kobold but does no damage.
The kobold is heavily wounded.
The ball python barely misses you. The ball python misses you.
The kobold hits you with a +0 short sword.
You shoot a sling bullet.
The sling bullet barely misses the kobold.
The ball python bites you. The ball python misses you. The kobold misses you.
The ball python closely misses you. x2
You shoot a sling bullet. The sling bullet hits the kobold.
You kill the kobold!
The ball python bites you. The ball python grabs you.
The ball python constricts you.
You shoot a sling bullet.
The sling bullet closely misses the ball python.
The ball python barely misses you. The ball python bites you.
The ball python constricts you. The hobgoblin hits you.
The ball python misses you. The ball python bites you.
The ball python constricts you.
You shoot a sling bullet.
The sling bullet barely misses the ball python.
The hobgoblin barely misses you. The ball python barely misses you.
The ball python bites you but does no damage.
The ball python constricts you. The hobgoblin barely misses you.
You shoot a sling bullet. The sling bullet hits the ball python.
The ball python is moderately wounded.
The ball python bites you but does no damage.
The ball python bites you. The ball python constricts you.
The hobgoblin hits you. The ball python closely misses you.
You furiously retaliate!
You headbutt the ball python, but do no damage.
The ball python bites you. The ball python constricts you.
You shoot a sling bullet.
The sling bullet completely misses the ball python.
The ball python closely misses you. The hobgoblin hits you.
You die...

......# #. ......#
## .###### .#######
#### ## .......#
#.. #. ######.# #.#
#. #.# ##.####g# #
#.# #.....#S##....
#.####.....@S......
#........#.#g##....
######..##.#... .
#.....####..
#...### #.# ..#...
# ##...### ##...
####


You could see a hobgoblin, a goblin and 2 ball pythons.

Vanquished Creatures
  A dart slug (D:1)
  2 ball pythons (D:1)
  2 endoplasms (D:1)
  4 goblins (D:1)
  5 kobolds (D:1)
  2 frilled lizards (D:1)
  3 rats (D:1)
19 creatures vanquished.

Notes
Turn   | Place    | Note
-------+----------+-------------------------------------------
     0 | D:1      | qw the Minotaur Hexslinger began the quest for the Orb.
     0 | D:1      | Reached XP level 1. HP: 16/16 MP: 1/1
     0 | D:1      | 0 ||| qw: Version: 0.3-a-46-gb1f654a
     0 | D:1      | 0 ||| qw: Game counter: 2009
     0 | D:1      | 0 ||| qw: Melee chars always use a shield: true
     0 | D:1      | 0 ||| qw: God list: Okawaru
     0 | D:1      | 0 ||| qw: Allow faded altars: false
     0 | D:1      | 0 ||| qw: Do Orc after clearing Dungeon:15 true
     0 | D:1      | 0 ||| qw: Do second Lair branch before Depths: true
     0 | D:1      | 0 ||| qw: Lair rune preference: random
     0 | D:1      | 0 ||| qw: Goals: Normal
     0 | D:1      | 0 ||| PLANNING D:1-11
    49 | D:1      | 49 ||| FLEEEEING.
   126 | D:1      | Reached skill level 3 in Ranged Weapons
   152 | D:1      | Reached XP level 2. HP: 23/23 MP: 2/2
   239 | D:1      | 239 ||| FLEEEEING.
   240 | D:1      | 240 ||| FLEEEEING.
   391 | D:1      | HP: 6/24 [constriction (1)]
   392 | D:1      | HP: 2/24 [hobgoblin (2)]
   393 | D:1      | Slain by a hobgoblin

Levels and vault maps discovered:
D:1:      onia_arrival_mini_spirals, layout_loops_ring, serial_shops,
          nicolae_shop_pleasant_corner_grove, hangedman_decor_points,
          grunt_decor_mini_mirrors, minmay_pentomino_v2

Skill      XL: |  1  2 |
---------------+-------+-----
Ranged Weapons | 3 |  3.2
Fighting       | 2 |  2.0
Dodging        | |  2.1
Spellcasting   | |  1.0
Hexes          | |  2.0

Action                     || total
---------------------------++-------
   Fire: Sling             ||    50
 Armour: Robe              ||     8
  Dodge: Dodged            ||    23

Table legend:
 A = Non-vault XP
 B = Vault XP
 C = Vault XP percentage of total XP
 D = Non-vault monster count
 E = Vault monster count
 F = Vault count percentage of total count
                 A         B        C        D         E       F
            +---------+---------+-------+---------+---------+-------
      Total |      31 |       0 |   0.0 |      19 |       0 |   0.0
            +---------+---------+-------+---------+---------+-------
        D:1 |      31 |       0 |   0.0 |      19 |       0 |   0.0
            +---------+---------+-------+---------+---------+-------
